 Dungeon Crawl Stone Soup version 0.14-a0-1403-g5d3c58f (webtiles) character file.

139 PolkaDot the Ducker (level 4, -1/33 HPs)
             Began as a Vampire Death Knight on Dec 10, 2013.
             Was a Believer of Yredelemnul.
             Slain by Purgy (4 damage)
             ... on Level 3 of the Dungeon.
             The game lasted 00:05:58 (2058 turns).

PolkaDot the Ducker (Vampire Death Knight)          Turns: 2058, Time: 00:05:59

HP  -1/33        AC  4     Str  9 (12) XL: 4   Next: 27%
MP   3/5         EV 12     Int 13      God: Yredelemnul [**....]
Gold 53          SH  0     Dex 14      Spells:  0 memorised,  3 levels left

rFire  . . .     SeeInvis +     f - +1,+2 short sword (elec)
rCold  . . .     Clarity  .     b - +0 leather armour
rNeg   + + .     Conserve .     (no shield)
rPois  +         rCorr    .     (no helmet)
rElec  .         rRot     .     a - +0 cloak
SustAb . .       Spirit   .     (no gloves)
rMut   .         Warding  .     (no boots)
Saprov . . .     Stasis   .     (no amulet)
                                e - ring of positive energy {unknown}
                                d - ring of poison resistance {unknown}

@: slightly resistant to hostile enchantments, unstealthy
A: fangs 3, see invisible, unbreathing
a: Bat Form, Animate Remains, Recall Undead Slaves, Injury Mirror, Renounce
Religion


You were on level 3 of the Dungeon.
You worshipped Yredelemnul.
Yredelemnul was pleased with you.
You were not thirsty.

You visited 1 branch of the dungeon, and saw 3 of its levels.

You collected 53 gold pieces.

Inventory:

Hand weapons
 f - a +1,+2 short sword of electrocution (weapon)
Armour
 a - a +0 cloak (worn)
 b - a +0 leather armour (worn)
Scrolls
 g - 3 scrolls of identify {unknown}
 h - a scroll of curse jewellery {unknown}
 l - 8 scrolls of noise {unknown}
 o - 2 scrolls of teleportation {unknown}
Jewellery
 d - a ring of poison resistance (left hand) {unknown}
 e - a ring of positive energy (right hand) {unknown}
Potions
 i - a potion of degeneration


   Skills:
 - Level 1.7 Fighting
 + Level 3.2 Short Blades
 - Level 0.7 Armour
 * Level 3.8 Dodging
 - Level 2.4 Invocations


You had 3 spell levels left.
You didn't know any spells.

Dungeon Overview and Level Annotations

Branches:
Dungeon (3/16)

Altars:
Cheibriados

Annotations:
D:3 Purgy


Innate Abilities, Weirdness & Mutations

You have razor-sharp teeth.*
You have supernaturally acute eyesight.
You can survive without breathing.*


Message History

Use which ability? (? or * to list)
You begin recalling your allies.
You feel slightly more thirsty.
Your worm zombie is recalled.
You finish recalling your allies.
Purgy bites you. Purgy closely misses you. Purgy completely misses you.
Something bites Purgy.
You closely miss Purgy.
Purgy is severely wounded.
Purgy closely misses you. Purgy claws you. Purgy claws you.
You completely miss Purgy.
Purgy is severely wounded.
Purgy bites you but does no damage. Purgy barely misses you.
Purgy closely misses you.
You closely miss Purgy.
Purgy is severely wounded.
Purgy bites you!
* * * LOW HITPOINT WARNING * * *
Purgy barely misses you. Purgy claws you.
You die...
Yredelemnul claims you as an undead slave.

#.#.#.#
#.#.#.#(#########+##
#.#.#.#.#...........#
#.#.#.#.#(.........#
#.#.#.#...........#
#.#.#.#..........#
#b#z#...........#
#T#.#..........+
#.#@#.....z.....#
###########'#####
#...# #.######
#######'##...#
#.........._.#
#............#
##)..........##
.#.........z.##


You could see Purgy and a bat.

Vanquished Creatures
  4 adders (D:2)
  2 worms (D:3)
  A ball python (D:2)
  2 giant cockroaches (D:1)
  4 hobgoblins
  6 bats
  3 giant newts
  7 goblins
  7 kobolds
  7 rats
43 creatures vanquished.

Vanquished Creatures (collateral kills)
  A hobgoblin (D:2)
1 creature vanquished.

Vanquished Creatures (others)
  A giant cockroach zombie (D:2)
  A goblin skeleton (D:2)
  2 kobold skeletons (D:2)
  A kobold zombie (D:2)
  A rat skeleton (D:2)
6 creatures vanquished.

Grand Total: 50 creatures vanquished

Notes
Turn   | Place    | Note
--------------------------------------------------------------
     0 | D:1      | PolkaDot, the Vampire Death Knight, began the quest for the Orb.
     0 | D:1      | Reached XP level 1. HP: 16/16 MP: 1/1
   178 | D:1      | Reached XP level 2. HP: 20/22 MP: 2/2
   882 | D:2      | Acquired Yredelemnul's second power
   882 | D:2      | Reached XP level 3. HP: 19/27 MP: 4/4
   927 | D:2      | Reached skill level 3 in Short Blades
  1115 | D:2      | HP: 1/27 [poisoned by an adder]
  1157 | D:2      | HP: 1/27 [poisoned by an adder]
  1563 | D:2      | Reached XP level 4. HP: 33/33 MP: 5/5
  1996 | D:3      | Found a snail-covered altar of Cheibriados.
  2047 | D:3      | Noticed Purgy
  2058 | D:3      | Slain by Purgy

Action                   |  1- 3 |  4- 6 || total
-------------------------+-------+-------++-------
Melee: Short sword       |   116 |    27 ||   143
Invok: Animate Remains   |    11 |     4 ||    15
       Recall Undead Sla |       |     1 ||     1
  Use: Potion            |     4 |     2 ||     6
 Stab: Invisible         |     1 |       ||     1
